AoeStats
← meditator27

Arena

505123280Analyzed
3v3 RM · 23d ago on Sep 7, 2026· 34m 3s· 6 players
Game mode
Random Map
Map size
Normal (6 player)
Population
200
Speed
Normal
Resources
Standard
Victory
Conquest
Starting age
Dark Age
Ending age
Imperial Age
RankedLock teamsTeams togetherTeam positionsShared explorationLock speedFull tech treeHidden civsTurbo modeCheats
Victory
Defeat
🇦🇹 Malay · Austria
1379
+9
🇹🇼 Khmer · Taiwan
1216
+16
🇦🇹 Bohemians · Austria
1196
+16
🇲🇽 Vietnamese · Mexico
1225
-14
🇦🇹 Byzantines · Austria
1216
-14
🇵🇱 Mongols · Poland
1199
-13
Bipedal_Man
10:04 Feudal Age
14:15 Castle Age
12:51 Double-Bit Axe
15:59 Bow Saw
21:12 Loom
22:35 Horse Collar
27:49 Imperial Age
25:52 Heavy Plow
26:32 Wheelbarrow
26:44 Wheelbarrow
26:47 Scale Barding Armor
26:52 Forging
26:49 Fletching
27:02 Padded Archer Armor
27:13 Gold Mining
27:56 Forging
27:42 Bodkin Arrow
28:33 Bracer
29:36 Chemistry
31:39 Elite Mangudai
31:48 Elite Mangudai
33:09 Ballistics
32:57 Thumb Ring
33:05 Bloodlines
32:55 Husbandry
dudelsack
11:03 Feudal Age
15:26 Castle Age
13:24 Horse Collar
14:57 Double-Bit Axe
17:32 Heavy Plow
19:16 Bow Saw
20:08 Gold Mining
21:20 Stone Mining
jusart.92
7:38 Loom
10:39 Feudal Age
14:41 Castle Age
13:11 Double-Bit Axe
14:21 Gold Mining
22:12 Bow Saw
22:36 Scale Mail Armor
27:21 Forging
27:26 Chain Mail Armor
29:20 Bloodlines
29:10 Husbandry
35:05 Imperial Age
『21』〆HEMOO
11:45 Feudal Age
17:18 Castle Age
15:29 Horse Collar
16:04 Double-Bit Axe
16:23 Gold Mining
17:40 Forging
22:05 Iron Casting
ZiGZAG
8:53 Loom
10:41 Feudal Age
16:03 Castle Age
14:29 Double-Bit Axe
15:46 Horse Collar
19:14 Wheelbarrow
28:45 Imperial Age
27:02 Bow Saw
28:30 Chemistry
29:04 Town Watch
29:35 Hand Cart
31:39 Two-Man Saw
32:42 Heavy Plow
meditator27
11:03 Feudal Age
14:00 Castle Age
11:56 Double-Bit Axe
12:18 Horse Collar
15:02 Bow Saw
14:56 Heavy Plow
21:17 Gold Mining
21:18 Stone Mining
22:51 Stone Mining
24:35 Wheelbarrow
26:14 Hand Cart
27:23 Gold Shaft Mining
27:24 Stone Shaft Mining
29:42 Imperial Age
27:37 Bloodlines
28:50 Husbandry
28:57 Scale Barding Armor
29:03 Forging
30:15 Elite Battle Elephant
31:32 Iron Casting
31:18 Chain Barding Armor
33:08 Crop Rotation
33:04 Conscription
33:39 Tusk Swords
Connection lost

Rejoining the realm…

Still unreachable

The connection could not be restored.

Session expired

The server has moved on; the page needs a fresh start.